 Dungeon Crawl Stone Soup version 0.30.1-4-g462c640d31 (webtiles) character file.

Game seed: 17465461876288829196

1864 poroton the Insei (level 9, -9/67 HPs)
             Began as a Gnoll Transmuter on Aug 20, 2023.
             Was an Initiate of the Shining One.
             Killed from afar by a steam dragon (22 damage)
             ... with a ball of steam
             ... on level 6 of the Dungeon.
             The game lasted 00:13:28 (7201 turns).

poroton the Insei (Gnoll Transmuter)                Turns: 7201, Time: 00:13:28

Health: -9/67      AC:  6    Str: 11    XL:     9   Next: 13%
Magic:  16/18      EV: 16    Int: 15    God:    the Shining One [......]
Gold:   433        SH:  0    Dex: 19    Spells: 13/21 levels left

rFire   . .          .
                       - Unarmed
rCold   . . .        (no shield)
rNeg    + . .        a - +0 robe
rPois   .            g - melded +0 helmet
rElec   .            m - +2 cloak {Will+}
rCorr   .            y - +0 pair of gloves
SInv    .            (boots currently unavailable)
Will    +....        (no amulet)
Stlth   +            n - ring of positive energy
HPRegen 0.31/turn    B - +6 ring of dexterity
MPRegen 0.16/turn

%: no passive effects
@: appendages, glowing
A: horns 2, talons 2, fangs 1, strong nose, distributed training
a: End Transformation, Renounce Religion


You were on level 6 of the Dungeon.
You worshipped the Shining One.
The Shining One was noncommittal.
You had temporarily grown beastly horns and talons.
You visited 1 branch of the dungeon, and saw 6 of its levels.
You also visited: Sewer.

You collected 433 gold pieces.

Inventory:

Armour
 a - a +0 robe (worn)
 g - a +0 helmet (melded)
 m - a +2 cloak of willpower (worn)
 y - a +0 pair of gloves (worn)
Jewellery
 n - a ring of positive energy (left hand)
 x - a ring of see invisible
 B - a +6 ring of dexterity (right hand)
Wands
 C - a wand of iceblast (5)
Scrolls
 c - a scroll of immolation {unknown}
 d - a scroll of summoning {unknown}
 e - a scroll of noise {unknown}
 f - 2 scrolls of teleportation
 h - 2 scrolls of fear
 k - a scroll of amnesia {unknown}
 p - 2 scrolls of magic mapping
 s - 2 scrolls of enchant armour
 w - 2 scrolls of silence
Potions
 b - a potion of lignification
 i - 6 potions of curing
 j - 5 potions of heal wounds
 l - 2 potions of mutation
 o - a potion of brilliance {unknown}
 q - 9 potions of flight
 r - a potion of invisibility {unknown}
 v - a potion of haste {unknown}
 z - 3 potions of cancellation
 A - a potion of magic


   Skills:
 + Level 4.9 Fighting
 + Level 4.1 Short Blades
 + Level 4.1 Long Blades
 + Level 4.1 Axes
 + Level 4.1 Maces & Flails
 + Level 4.1 Polearms
 + Level 4.1 Staves
 + Level 4.1 Ranged Weapons
 + Level 4.1 Throwing
 + Level 4.1 Armour
 + Level 6.2 Dodging
 + Level 4.1 Stealth
 + Level 4.1 Shields
 + Level 7.8 Unarmed Combat
 + Level 6.5 Spellcasting
 + Level 3.3 Conjurations
 + Level 3.3 Hexes
 + Level 3.3 Summonings
 + Level 3.3 Necromancy
 + Level 3.3 Translocations
 + Level 5.1 Transmutations
 + Level 3.3 Fire Magic
 + Level 3.3 Ice Magic
 + Level 3.3 Air Magic
 + Level 3.3 Earth Magic
 + Level 3.3 Poison Magic
 + Level 4.5 Invocations
 + Level 4.1 Evocations


You had 13 spell levels left.
You knew the following spells:

 Your Spells              Type           Power      Damage    Failure   Level
a - Beastly Appendage     Tmut           40%        N/A       1%          1
b - Wereblood             Tmut           20%        N/A       2%          2
c - Ensorcelled Hibernat  Hex/Ice        30%        N/A       5%          2
d - Spider Form           Tmut/Pois      17%        N/A       8%          3

Your spell library contained the following spells:

 Spells                   Type           Power      Damage    Failure   Level
 Ice Form                 Ice/Tmut       17%        N/A       24%         4
 Anguish                  Hex/Necr       7%         N/A       34%         4


Dungeon Overview and Level Annotations

Branches:
Dungeon (6/15)              Sewer (visited)
 Temple: D:4-7

Altars:
Makhleb
Trog
Uskayaw
Yredelemnul
Zin
The Shining One


Innate Abilities, Weirdness & Mutations

You have temporarily grown beastly horns and talons.
You have very sharp teeth.
Your uncanny sense of smell can sniff out nearby items.
Your experience applies equally to all skills.


Message History

The steam dragon misses you.
The steam dragon claws you but does no damage.
Casting: Ensorcelled Hibernation (safe; 5% risk of failure)
Confirm with . or Enter, or press ? or * to list all spells.
Aiming: Ensorcelled Hibernation (safe; 5% risk of failure)
Press: ? - help, Shift-Dir - straight line, f/p - steam dragon
Aim: a steam dragon (steam, lightly wounded, catching its breath, chance to affect: 49%)
The steam dragon resists with some effort.
You are engulfed in a cloud of scalding steam.
The steam dragon bites you!
The steam dragon claws you but does no damage.
The orc wizard gestures wildly while chanting.
The orc wizard flickers and vanishes!
Deactivating autopickup; reactivate with Ctrl-A.
The steam dragon attacks as you move away!
The steam dragon bites you! The steam dragon barely misses you.
The steam dragon attacks as you move away!
The steam dragon bites you. The steam dragon closely misses you.
The steam dragon attacks as you move away!
The steam dragon barely misses you. x2
The orc priest calls down the wrath of Beogh upon you.
Pain shoots through your body!
The orc priest invokes the aid of Beogh against you.
Beogh smites you!
* * * LOW HITPOINT WARNING * * *
The steam dragon attacks as you move away!
The steam dragon closely misses you.
The steam dragon claws you but does no damage.
The steam dragon attacks as you move away!
The steam dragon bites you but does no damage.
The steam dragon closely misses you. The steam dragon breathes steam at you.
The ball of steam misses you.
You are engulfed in a cloud of scalding steam.
You see here 5 stones.
You are engulfed in a cloud of scalding steam.
* * * LOW HITPOINT WARNING * * *
The steam dragon breathes steam at you. The ball of steam hits you!!
You die...

.....##..........##..PP..#
......###......÷.##..P♣..#
..#....#...........§♣...##
.###.........#......P♣..#
..####.......##(.§.....##
.####........##D......##
...#.........##§.######
#....##...#..##.§#..#
...8..#...#.....@)).#
...†.##..###..##.#<.###
...8.....##....###)...#
.....##..>......##...##
...8....<#.....#######
.....##..##...##
.....#.......##
.....#.......#
...........###


You could see a steam dragon (catching breath).

Vanquished Creatures
  2 water moccasins
  A black bear (D:5)
  3 ogres
  3 phantoms
  2 bullfrogs
  7 scorpions
  Crazy Yiuf (D:2)
  4 hounds
  4 iguanas
  3 orc wizards
  8 adders
  4 river rats (Sewer)
  3 worms
  4 dart slugs
  14 orcs
  8 ball pythons
  9 bats
  4 endoplasms
  8 giant cockroaches
  12 goblins
  4 hobgoblins
  12 jackals
  3 kobolds
  3 quokkas
  6 frilled lizards
  5 rats (D:3)
137 creatures vanquished.

Vanquished Creatures (others)
  A wizard (D:4)
1 creature vanquished.

Grand Total: 138 creatures vanquished

Notes
Turn   | Place    | Note
-------+----------+-------------------------------------------
     0 | D:1      | poroton the Gnoll Transmuter began the quest for the Orb.
     0 | D:1      | Reached XP level 1. HP: 17/17 MP: 6/6
   244 | D:1      | Reached XP level 2. HP: 22/23 MP: 5/7
   247 | D:1      | Learned a level 2 spell: Wereblood
  1393 | D:2      | Found a runed translucent door.
  1394 | D:2      | Noticed Crazy Yiuf
  1405 | D:2      | Killed Crazy Yiuf
  1406 | D:2      | Reached skill level 1 in Short Blades
  1406 | D:2      | Reached skill level 1 in Long Blades
  1406 | D:2      | Reached skill level 1 in Axes
  1406 | D:2      | Reached skill level 1 in Maces & Flails
  1406 | D:2      | Reached skill level 1 in Polearms
  1406 | D:2      | Reached skill level 1 in Staves
  1406 | D:2      | Reached skill level 1 in Ranged Weapons
  1406 | D:2      | Reached skill level 1 in Throwing
  1406 | D:2      | Reached skill level 1 in Armour
  1406 | D:2      | Reached skill level 1 in Stealth
  1406 | D:2      | Reached skill level 1 in Shields
  1406 | D:2      | Reached skill level 5 in Spellcasting
  1406 | D:2      | Reached skill level 1 in Invocations
  1406 | D:2      | Reached skill level 1 in Evocations
  1406 | D:2      | Reached XP level 3. HP: 27/28 MP: 6/9
  1661 | D:3      | Reached XP level 4. HP: 25/34 MP: 11/11
  1689 | D:3      | Found a glowing drain.
  1696 | Sewer    | Entered a sewer
  1991 | Sewer    | Reached skill level 1 in Conjurations
  1991 | Sewer    | Reached skill level 1 in Hexes
  1991 | Sewer    | Reached skill level 1 in Summonings
  1991 | Sewer    | Reached skill level 1 in Necromancy
  1991 | Sewer    | Reached skill level 1 in Translocations
  1991 | Sewer    | Reached skill level 1 in Fire Magic
  1991 | Sewer    | Reached skill level 1 in Ice Magic
  1991 | Sewer    | Reached skill level 1 in Air Magic
  1991 | Sewer    | Reached skill level 1 in Earth Magic
  1991 | Sewer    | Reached skill level 1 in Poison Magic
  2038 | Sewer    | Reached XP level 5. HP: 30/40 MP: 10/12
  2954 | D:3      | Found a faded altar of an unknown god.
  3284 | D:3      | Reached XP level 6. HP: 23/47 MP: 11/14
  3562 | D:3      | Reached skill level 5 in Dodging
  3892 | D:4      | Found a bloodstained altar of Trog.
  3907 | D:4      | Noticed a wizard
  3910 | D:4      | Killed a wizard
  4078 | D:4      | Found a glowing silver altar of Zin.
  4078 | D:4      | Found a basalt altar of Yredelemnul.
  4434 | D:4      | Reached skill level 7 in Unarmed Combat
  4434 | D:4      | Reached XP level 7. HP: 38/52 MP: 15/15
  4487 | D:4      | Found a glowing golden altar of the Shining One.
  4501 | D:4      | Became a worshipper of the Shining One
  4943 | D:5      | Entered Level 5 of the Dungeon
  5530 | D:5      | Reached XP level 8. HP: 15/60 MP: 14/16
  5732 | D:5      | Identified the +5 ring mail of Dim Light {rF+++ rCorr Int-4
                  | Slay+2}
  6157 | D:5      | Found a burning altar of Makhleb.
  6410 | D:6      | Learned a level 2 spell: Ensorcelled Hibernation
  6433 | D:6      | Found a hide-covered altar of Uskayaw.
  6925 | D:6      | Reached skill level 5 in Transmutations
  6980 | D:6      | Learned a level 3 spell: Spider Form
  7048 | D:5      | Reached XP level 9. HP: 41/67 MP: 15/18
  7201 | D:6      | Killed from afar by a steam dragon

Illustrated notes

Levels and vault maps discovered:
D:1:      lemuel_arrival_behind_the_door_small, layout_loops_cross
D:2:      layout_loops_cross, kennysheep_generic_room_2, uniq_crazy_yiuf_cottage
D:3:      layout_loops_corners, gup_sewer_entry_bubbles,
          shapermc_ecumenical_altar_venn, kennysheep_cross_room, corexii_shack,
          grunt_ministairs_14
D:4:      layout_loops_corners, trog_wizard, lemuel_round_altar,
          mainiacjoe_overflow_divided_tiny
D:5:      layout_loops_ring, mainiacjoe_overflow_alcove_2
D:6:      layout_cave_pools, eat_drink_and_be_merry_uskayaw, serial_park,
          serial_park_paths [serial_park_minivault_5x5_6], serial_park_tiny_2,
          serial_park_gazebo [serial_park_minivault_5x5_4], serial_park_tiny_2,
          uniq_pikel

Skill      XL: |  1  2  3  4  5  6  7  8 |
---------------+-------------------------+-----
Short Blades   | 1 2 3 4 |  4.1
Long Blades    | 1 2 3 4 |  4.1
Axes           | 1 2 3 4 |  4.1
Maces & Flails | 1 2 3 4 |  4.1
Polearms       | 1 2 3 4 |  4.1
Staves         | 1 2 3 4 |  4.1
Ranged Weapons | 1 2 3 4 |  4.1
Throwing       | 1 2 3 4 |  4.1
Armour         | 1 2 3 4 |  4.1
Stealth        | 1 2 3 4 |  4.1
Shields        | 1 2 3 4 |  4.1
Spellcasting   | 5 6 |  6.5
Invocations    | 1 2 3 4 |  4.5
Evocations     | 1 2 3 4 |  4.1
Conjurations   | 1 2 3 |  3.3
Hexes          | 1 2 3 |  3.3
Summonings     | 1 2 3 |  3.3
Necromancy     | 1 2 3 |  3.3
Translocations | 1 2 3 |  3.3
Fire Magic     | 1 2 3 |  3.3
Ice Magic      | 1 2 3 |  3.3
Air Magic      | 1 2 3 |  3.3
Earth Magic    | 1 2 3 |  3.3
Poison Magic   | 1 2 3 |  3.3
Fighting       | 3 4 |  4.9
Transmutations | 4 5 |  5.1
Dodging        | 5 6 |  6.2
Unarmed Combat | 7 |  7.8

Action                     |  1- 3 |  4- 6 |  7- 9 || total
---------------------------+-------+-------+-------++-------
  Melee: Unarmed           |    65 |   260 |   165 ||   490
         Headbutt          |     9 |    30 |    49 ||    88
         Kick              |    11 |    46 |    43 ||   100
         Bite              |     2 |    24 |    26 ||    52
         Punch             |     2 |     9 |     9 ||    20
  Throw: Throwing net      |       |       |     3 ||     3
   Cast: Beastly Appendage |    14 |    30 |    22 ||    66
         Wereblood         |     1 |     4 |     1 ||     6
         Ensorcelled Hiber |       |       |    11 ||    11
    Use: Scroll            |       |     1 |    11 ||    12
   Stab: Sleeping          |       |     2 |       ||     2
 Armour: Robe              |    10 |    68 |    34 ||   112
  Dodge: Dodged            |    36 |   220 |   110 ||   366
